 Dungeon Crawl Stone Soup version 0.18.1-50-g88ac8fd (webtiles) character file.

25324 Gargoyl the Envoy of Void (level 12, 0/141 HPs)
             Began as a Demonspawn Abyssal Knight on Oct 6, 2016.
             Was a High Priest of Lugonu.
             Slain by a blink frog (6 damage)
             ... on level 6 of the Lair of Beasts.
             The game lasted 00:42:04 (22327 turns).

Gargoyl the Envoy of Void (DsAK)                   Turns: 22327, Time: 00:42:06

Health: 0/141      AC: 29    Str: 21    XL:     12   Next: 88%
Magic:  21/21      EV:  8    Int: 16    God:    Lugonu [*****.]
Gold:   942        SH: 15    Dex: 12    Spells: 0 memorised, 11 levels left

rFire  . . .     SeeInvis .     U - +0 broad axe
rCold  . . .     Gourm    .     z - +4 plate armour {MR+}
rNeg   + . .     Faith    .     v - +0 buckler
rPois  .         Spirit   .     B - +1 helmet
rElec  .         Dismiss  .     i - +0 cloak
rCorr  .         Reflect  +     h - +2 pair of gloves
SustAt +         Harm     .     (boots unavailable)
MR     +....     Clarity  +     j - +6 amulet of reflection
Stlth  ..........               Q - ring of sustain attributes
                                E - ring of positive energy

@: berserking, very quick, somewhat resistant to hostile enchantments, extremely
unstealthy
A: hooves 3, large bone plates 2, clarity, foul stench 1, rot immunity
a: Depart the Abyss, Bend Space, Banish, Corrupt, Enter the Abyss, Renounce
Religion


You were on level 6 of the Lair of Beasts.
You worshipped Lugonu.
Lugonu was extremely pleased with you.
You were not hungry.

You visited 2 branches of the dungeon, and saw 16 of its levels.
You visited the Abyss 1 time.

You collected 1117 gold pieces.
You spent 175 gold pieces at shops.

Inventory:

Hand Weapons
 t - a +0 war axe
 U - a +0 broad axe (weapon)
Armour
 a - a +0 plate armour of fire resistance
 h - a +2 pair of gloves (worn)
 i - a +0 cloak (worn)
 v - a +0 buckler (worn)
 z - a +4 plate armour of magic resistance (worn)
 B - a +1 helmet (worn)
Jewellery
 j - a +6 amulet of reflection (around neck)
 E - a ring of positive energy (left hand)
 G - an uncursed amulet of rage
 Q - a ring of sustain attributes (right hand)
Wands
 m - a wand of paralysis (5/24)
 n - a wand of paralysis (15/24)
 o - a wand of confusion (21/48)
 q - a wand of heal wounds (4/9)
 u - a wand of iceblast (8/15)
 C - a wand of random effects (14/48)
 D - a wand of lightning (10/15)
 J - a wand of flame (19/48)
 L - a wand of enslavement (11/24)
 N - a wand of digging (16/24)
 R - a wand of digging (20/24)
Scrolls
 d - a scroll of magic mapping
 f - a scroll of recharging
 k - 4 scrolls of teleportation
 y - a scroll of identify
 I - 2 scrolls of remove curse
 O - a scroll of blinking
Potions
 p - 3 potions of flight
 r - a potion of ambrosia
 s - 4 potions of degeneration
 w - a potion of cure mutation
 x - 2 potions of agility
 A - a potion of brilliance
 P - a potion of mutation
 S - a potion of cancellation {unknown}
Books
 e - a book of Burglary

   Spells                             Type                      Level
   a - Swiftness                      Charms/Air                   2
   b - Passwall                       Transmutation/Earth          2
   c - Passage of Golubria            Translocation                4
   d - Lee's Rapid Deconstruction     Earth                        5
   e - Darkness                       Hexes                        6
   f - Invisibility                   Hexes                        6
 g - a book of Minor Magic

   Spells                             Type                      Level
   a - Magic Dart                     Conjuration                  1
   b - Blink                          Translocation                2
   c - Call Imp                       Summoning                    2
   d - Repel Missiles                 Charms/Air                   2
   e - Slow                           Hexes                        2
   f - Conjure Flame                  Conjuration/Fire             3
   g - Mephitic Cloud                 Conjuration/Poison/Air       3
 F - a book of Clouds

   Spells                             Type                      Level
   a - Mephitic Cloud                 Conjuration/Poison/Air       3
   b - Conjure Flame                  Conjuration/Fire             3
   c - Poisonous Cloud                Conjuration/Poison/Air       6
   d - Freezing Cloud                 Conjuration/Ice/Air          6
   e - Ring of Flames                 Charms/Fire                  7
Miscellaneous
 K - a sack of spiders
Comestibles
 c - 4 meat rations
 l - 7 bread rations
 H - a slice of pizza
 T - a beef jerky


   Skills:
 + Level 8.6 Fighting
   Level 2.2 Long Blades
 + Level 8.1 Axes
 * Level 11.6 Armour
 + Level 4.2 Dodging
 + Level 7.7 Shields
 * Level 12.3 Invocations
 + Level 0.8 Evocations


You had 11 spell levels left.
You didn't know any spells.

Dungeon Overview and Level Annotations

Branches:
Dungeon (10/15)            Temple (0/1) D:4            Lair (6/8) D:8
  Swamp (0/4) Lair:3        Snake (0/4) Lair:3          Orc (0/2) D:9
  Slime: Lair:6-8

Altars:
Ashenzari
Cheibriados
Elyvilon
Gozag
Makhleb
Nemelex Xobeh
Qazlal
Vehumet
Xom
Yredelemnul

Shops:
D:5 [*   D:8 !

Annotations:
D:4 Kenran's ghost, amateur HaBe


Innate Abilities, Weirdness & Mutations

You have hooves in place of feet.
You are mostly covered in large bone plates (AC +3, SH +3).
You may emit foul miasma when damaged in melee.
You are immune to rotting.
You possess an exceptional clarity of mind.


Message History

The blink frog hits you!
* * * LOW HITPOINT WARNING * * *
You block the blink frog's attack. x2; The blink frog hits you.
* * * LOW HITPOINT WARNING * * *
You block the blink frog's attack.
Drink which item? (? for menu, Esc to quit)
You feel better. You block the blink frog's attack. The blink frog hits you.
* * * LOW HITPOINT WARNING * * *
The blink frog blinks!
The blink frog hits you but does no damage.
Drink which item? (? for menu, Esc to quit)
You feel better. You block the blink frog's attack.
The blink frog closely misses you. You block the blink frog's attack. x2
The blink frog barely misses you.
Drink which item? (? for menu, Esc to quit)
A red film seems to cover your vision as you go berserk!
You feel yourself moving faster!
You feel mighty! The blink frog hits you!
* * * LOW HITPOINT WARNING * * *
The blink frog hits you.
You die...

#...[....#...P..............#
#.......##.................P.#
####..........................#
####.....)....#....#...#.......
#....#.......#...F#...
#.....#.......#...#...
#P..(.#.P............#
#P.......P...F.†.....#
#......†.##...@......#
(#.......#....FF..P?.!
#)#....##.#.$.......#
##.....####.......P.P #..####
#.......... ### ##.##...... ###
...... #.....


You could see 4 blink frogs.

Vanquished Creatures
  Erolcha (D:9)
  An oklob plant (Lair:2)
  Joseph (D:8)
  2 black mambas
  7 spiny frogs
  A torpor snail (Lair:4)
  Psyche (D:8)
  3 komodo dragons
  2 trolls (D:10)
  15 blink frogs
  A spriggan (D:8)
  34 yaks
  A wyvern (Lair:6)
  3 basilisks
  Grum (D:9)
  5 hippogriffs
  8 porcupines
  8 water moccasins
  3 ice beasts
  7 orc warriors
  A wasp (Lair:3)
  A phantom (D:8)
  A necrophage (D:6)
  An eye of draining (D:8)
  6 ogres
  8 wolves
  7 crocodiles
  3 centaurs
  A big kobold (D:9)
  18 giant frogs
  7 scorpions
  7 killer bees
  3 wights (D:8)
  A howler monkey (D:4)
  2 electric eels (Lair:3)
  5 crimson imps
  8 hounds
  3 orc priests
  A jelly (D:9)
  11 orc wizards
  A centaur skeleton (D:4)
  A gnoll shaman (D:4)
  7 iguanas
  3 worker ants
  7 sheep (Lair:3)
  A worker ant zombie (D:7)
  4 gnolls (D:4)
  A howler monkey skeleton (D:6)
  15 adders
  31 river rats
  A shadow imp (D:10)
  An ooze (D:4)
  An adder zombie (D:6)
  2 adder skeletons
  6 worms
  2 dart slugs
  3 giant geckos
  27 orcs
  7 giant cockroaches
  6 goblins
  5 hobgoblins
  26 jackals
  13 kobolds
  2 quokkas (D:9)
  A ball python (D:1)
  17 bats
  3 giant newts
  A quokka skeleton (D:5)
  A quokka zombie (D:6)
  12 rats
  5 fungi (D:8)
413 creatures vanquished.

Vanquished Creatures (collateral kills)
  A spiny frog (Lair:1)
1 creature vanquished.

Vanquished Creatures (others)
  3 hydras
  The ghost of Drunkenshrew the Charmwright, a novice HESk (D:6)
  A blink frog (Lair:4)
  3 centaurs
  A crimson imp (D:8)
  17 fungi
  5 plants
31 creatures vanquished.

Grand Total: 445 creatures vanquished

Notes
Turn   | Place    | Note
--------------------------------------------------------------
     0 | Abyss:1  | Gargoyl the Demonspawn Abyssal Knight began the quest for the Orb.
     0 | Abyss:1  | Reached XP level 1. HP: 18/18 MP: 2/2
   107 | Abyss:1  | Noticed a chaos spawn
   140 | D:1      | Escaped the Abyss
   341 | D:1      | Reached * piety under Lugonu
   348 | D:1      | Gained mutation: You have large cloven feet. [demonic ancestry]
   348 | D:1      | Reached XP level 2. HP: 24/24 MP: 3/3
   390 | D:1      | Reached skill level 1 in Dodging
   705 | D:1      | Found a sparkling altar of Nemelex Xobeh.
   845 | D:1      | Reached XP level 3. HP: 27/29 MP: 4/4
  1174 | D:1      | Reached ** piety under Lugonu
  1409 | D:2      | Found a burning altar of Makhleb.
  1417 | D:2      | Reached skill level 3 in Invocations
  1417 | D:2      | Reached XP level 4. HP: 33/35 MP: 6/6
  2126 | D:2      | Found a radiant altar of Vehumet.
  2242 | D:2      | Found a white marble altar of Elyvilon.
  2605 | D:2      | Gained mutation: You are immune to rotting. [demonic ancestry]
  2605 | D:2      | Reached XP level 5. HP: 29/41 MP: 7/7
  2609 | D:2      | Reached *** piety under Lugonu
  2825 | D:3      | Found a shattered altar of Ashenzari.
  2866 | D:3      | You fall through a shaft!
  3017 | D:4      | Reached skill level 4 in Invocations
  3373 | D:3      | Found an opulent altar of Gozag.
  3407 | D:3      | Found a snail-covered altar of Cheibriados.
  3507 | D:3      | Gained mutation: You are partially covered in large bone plates (AC +2, SH +2). [demonic ancestry]
  3507 | D:3      | Reached XP level 6. HP: 45/48 MP: 9/9
  4312 | D:4      | Gained mutation: You are mostly covered in large bone plates (AC +3, SH +3). [demonic ancestry]
  4312 | D:4      | Reached XP level 7. HP: 54/54 MP: 10/10
  4480 | D:4      | Found a staircase to the Ecumenical Temple.
  4644 | D:4      | Noticed Kenran's ghost (amateur HaBe)
  4646 | D:4      | Gained mutation: You have hoof-like feet. [potion of mutation]
  4646 | D:4      | Gained mutation: Your muscles are strong. (Str +2) [potion of mutation]
  4646 | D:4      | Gained mutation: You have a pair of small horns on your head. [potion of mutation]
  4647 | D:4      | Gained mutation: You possess an exceptional clarity of mind. [potion of beneficial mutation]
  4648 | D:4      | Lost mutation: Your muscles are strong. (Str +2) [potion of cure mutation]
  4648 | D:4      | Lost mutation: You have a pair of small horns on your head. [potion of cure mutation]
  4962 | D:4      | Got a crystal dagger
  5251 | D:5      | Entered Level 5 of the Dungeon
  5251 | D:5      | Found Wumpux's Armour Shop.
  5260 | D:5      | Reached skill level 5 in Armour
  5274 | D:5      | Bought a +0 pair of gloves for 58 gold pieces
  5287 | D:5      | Found Vemas's General Store.
  5327 | D:5      | Reached **** piety under Lugonu
  5327 | D:5      | Reached skill level 5 in Invocations
  5405 | D:5      | Bought a scroll of teleportation for 33 gold pieces
  5433 | D:5      | HP: 1/55 [ogre/giant club (12)]
  6120 | D:6      | Reached XP level 8. HP: 49/61 MP: 12/12
  6669 | D:6      | Noticed Drunkenshrew's ghost (novice HESk)
  6670 | D:6      | Banished Drunkenshrew's ghost
  6692 | D:7      | Found a basalt altar of Yredelemnul.
  6826 | D:7      | Reached skill level 6 in Invocations
  6855 | D:7      | Identified the +7 dagger of a bailey {pain, +Rage Str+3} (You found it on level 4 of the Dungeon)
  7140 | D:7      | Reached skill level 5 in Fighting
  7664 | D:8      | Gained mutation: You may emit foul miasma when damaged in melee. [demonic ancestry]
  7664 | D:8      | Reached XP level 9. HP: 51/68 MP: 0/14
  7818 | D:8      | Reached skill level 7 in Invocations
  8072 | D:8      | Found a staircase to the Lair.
  8350 | D:8      | Noticed Joseph
  8384 | D:8      | Killed Joseph
  8384 | D:8      | Reached skill level 5 in Axes
  8404 | D:8      | Noticed Psyche
  8421 | D:8      | Killed Psyche
  8421 | D:8      | Reached ***** piety under Lugonu
  8893 | D:8      | Found Nosori's Distillery.
  9000 | D:8      | Bought a potion of curing for 42 gold pieces
  9000 | D:8      | Bought a potion of curing for 42 gold pieces
  9235 | D:8      | Reached skill level 8 in Invocations
  9973 | D:9      | Gained mutation: You have hooves in place of feet. [demonic ancestry]
  9973 | D:9      | Reached XP level 10. HP: 48/77 MP: 16/16
 10161 | D:9      | Noticed Grum
 10191 | D:9      | Killed Grum
 10219 | D:9      | Reached skill level 9 in Invocations
 10249 | D:9      | Reached skill level 1 in Shields
 10563 | D:9      | Found a staircase to the Orcish Mines.
 10575 | D:9      | Noticed Erolcha
 10593 | D:9      | Killed Erolcha
 10989 | D:9      | Found a shimmering altar of Xom.
 11418 | D:9      | Found a stormy altar of Qazlal.
 11485 | D:10     | Entered Level 10 of the Dungeon
 13336 | D:8      | Reached skill level 10 in Invocations
 13341 | D:8      | Mutation became permanent: You have hooves in place of feet. [demonic ancestry]
 13341 | D:8      | Reached XP level 11. HP: 68/83 MP: 18/18
 13441 | Lair:1   | Entered Level 1 of the Lair of Beasts
 14013 | Lair:1   | Got a warped long sword
 14014 | Lair:1   | Identified the +8 long sword of Compound Interest {slice, rN+} (You found it on level 1 of the Lair of Beasts)
 14709 | Lair:2   | Noticed a four-headed hydra
 14711 | Lair:2   | Got a smoking chain mail
 14719 | Lair:2   | Banished a four-headed hydra
 14722 | Lair:2   | Identified the cursed +0 chain mail of the Guilds {rF- rCorr Int+8 Dex+3} (You found it on level 2 of the Lair of Beasts)
 14754 | Lair:2   | Reached skill level 1 in Long Blades
 15053 | Lair:2   | Reached skill level 10 in Armour
 15276 | Lair:2   | Reached skill level 5 in Shields
 15390 | Lair:2   | Found a sparkling altar of Nemelex Xobeh.
 15391 | Lair:2   | Noticed an oklob plant
 15412 | Lair:2   | Killed an oklob plant
 16472 | Lair:3   | Found a staircase to the Snake Pit.
 16587 | Lair:3   | Found a staircase to the Swamp.
 16993 | Lair:3   | Reached skill level 11 in Invocations
 17881 | Lair:4   | Reached XP level 12. HP: 32/91 MP: 20/20
 19689 | Lair:5   | Noticed a seven-headed hydra
 19694 | Lair:5   | Banished a seven-headed hydra
 21390 | Lair:6   | Reached skill level 12 in Invocations
 21673 | Lair:6   | Noticed an eight-headed hydra
 21683 | Lair:6   | Banished an eight-headed hydra
 22324 | Lair:6   | HP: 4/94 [blink frog (2)]
 22327 | Lair:6   | Slain by a blink frog

Skill      XL: |  1  2  3  4  5  6  7  8  9 10 11 12 |
---------------+-------------------------------------+-----
Axes           | 2 3 4 6 7 8 |  8.1
Armour         | 2 3 4 5 7 8 9 10 11 | 11.6
Dodging        | 1 2 3 4 |  4.2
Invocations    | 3 4 5 6 8 10 11 12 | 12.3
Fighting       | 4 5 6 7 8 |  8.6
Shields        | 3 6 7 |  7.7
Long Blades    | 2 |  2.2
Evocations     | |  0.8

Action                   |  1- 3 |  4- 6 |  7- 9 | 10-12 || total
-------------------------+-------+-------+-------+-------++-------
Melee: Hand axe          |    90 |   306 |   729 |   101 ||  1226
       Kick              |    11 |    58 |   200 |   335 ||   604
       War axe           |       |       |       |   937 ||   937
       Long sword        |       |       |       |   239 ||   239
       Broad axe         |       |       |       |    54 ||    54
Invok: Depart the Abyss  |     1 |       |       |       ||     1
       Banish            |       |       |     4 |     9 ||    13
Evoke: Wand              |       |       |     5 |       ||     5
  Use: Scroll            |       |    12 |     7 |    15 ||    34
       Potion            |       |     5 |     3 |    19 ||    27
 Stab: Invisible         |       |       |       |     4 ||     4
  Eat: Chunk             |     2 |     6 |    12 |    30 ||    50
       Bread ration      |       |     1 |     1 |     1 ||     3
       Fruit             |       |       |     4 |    12 ||    16
       Royal jelly       |       |       |       |     1 ||     1
       Beef jerky        |       |       |       |     1 ||     1
Armor: Scale mail        |    70 |   114 |       |       ||   184
       Plate armour      |       |    77 |   457 |  1021 ||  1555
       Skin              |       |       |       |     8 ||     8
Dodge: Dodged            |    70 |   134 |   148 |   418 ||   770
Block: Other             |       |   121 |   300 |    38 ||   459
       Reflection        |       |     1 |     9 |    11 ||    21
       Buckler           |       |       |       |  1266 ||  1266
